[Event "Titled Tuesday Blitz May 30 Late 2023"]
[White "Martinez Ramirez, Lennis"]
[Black "Prem, Pranav"]
[WhiteFideId "3509079"]
[BlackFideId "30901057"]
[WhiteElo "2410"]
[BlackElo "1970"]
[Result "1-0"]
[Round "09"]
[TimeControl "180+2"]
[Date "2023.05.31"]
[WhiteClock "0:00:38"]
[BlackClock "0:00:01"]

1. Nf3 d5 2. c4 e6 3. b3 Nf6 4. Bb2 c5 5. e3 Nc6 6. cxd5 exd5 7. Bb5 Bd7 8. O-O Bd6 9. h3 O-O 10. d4 a6 11. dxc5 Bxc5 12. Bd3 Re8 13. a3 Ne4 14. Nc3 Bf5 15. Rc1 Ba7 16. Ne2 Bg6 17. Ned4 Qd7 18. Nxc6 bxc6 19. Ne5 Qb7 20. b4 c5 21. Nxg6 hxg6 22. Ba1 cxb4 23. axb4 Qxb4 24. Bxe4 dxe4 25. Rc7 Rad8 26. Qc1 Bb6 27. Rb7 Rb8 28. Rd7 Rbd8 29. Rfd1 Rxd7 30. Rxd7 Rd8 31. Rb7 Qd6 32. Qb2 f6 33. Rxb6 Qd1+ 34. Kh2 Qd3 35. Qb3+ Qxb3 36. Rxb3 Rd1 37. Bd4 Rd2 38. Kg3 Ra2 39. h4 a5 40. Rb7 a4 41. Ra7 Kh7 42. Bc5 Kh6 43. Bf8 1-0


[Site "https://www.chess.com"]

[Event "Titled Tuesday Blitz May 30 Late 2023"]
[White "SergioMoralesG"]
[Black "Goryachkina, Aleksandra"]
[BlackFideId "4147103"]
[WhiteElo "2540"]
[BlackElo "2471"]
[Result "0-1"]
[Round "09"]
[TimeControl "180+2"]
[Date "2023.05.31"]
[WhiteClock "0:00:01"]
[BlackClock "0:00:03"]

1. e4 c6 2. Nf3 d5 3. d3 g6 4. Be2 Bg7 5. c3 e5 6. O-O Ne7 7. Re1 O-O 8. Nbd2 h6 9. d4 exd4 10. cxd4 dxe4 11. Nxe4 Bf5 12. Bc4 Bxe4 13. Rxe4 Nd7 14. Bf4 Nd5 15. Bxd5 cxd5 16. Re2 Qb6 17. Qa4 Nf6 18. Rc1 Rac8 19. Rec2 Rxc2 20. Rxc2 a6 21. h3 Ne4 22. Be5 Qe6 23. Bxg7 Kxg7 24. Rc7 Rc8 25. Qd7 Rxc7 26. Qxc7 b5 27. Ne5 Qf6 28. f3 Nd2 29. Qc3 Nc4 30. b3 Nxe5 31. dxe5 Qb6+ 32. Kf1 d4 33. Qd3 Qc5 34. Qe4 Qc1+ 35. Kf2 Qd2+ 36. Qe2 Qc3 37. e6 d3 38. e7 dxe2 39. e8=Q Qd4+ 40. Kxe2 Qb2+ 41. Kd3 Qxa2 42. Qe5+ Kh7 43. Qd5 Qb1+ 44. Kc3 Qe1+ 45. Kc2 Qe7 46. Kc3 Kg7 47. b4 Qc7+ 48. Kb3 Qf4 49. Qc6 Qe3+ 50. Qc3+ Qxc3+ 51. Kxc3 Kf6 52. Kd4 Ke6 53. Kc5 Ke5 54. Kb6 Kd4 55. Kxa6 Kc4 56. Ka5 g5 57. g3 f6 58. f4 gxf4 59. gxf4 f5 60. h4 h5 61. Kb6 Kxb4 62. Kc6 Kc4 0-1


[Site "https://www.chess.com"]

[Event "Titled Tuesday Blitz May 30 Late 2023"]
[White "Rottenwohrer Suarez, Juan"]
[Black "Timmermans, Mark"]
[WhiteFideId "32068182"]
[BlackFideId "1026399"]
[WhiteElo "2174"]
[BlackElo "2460"]
[Result "0-1"]
[Round "09"]
[TimeControl "180+2"]
[Date "2023.05.31"]
[WhiteClock "0:00:01"]
[BlackClock "0:00:12"]

1. d4 Nf6 2. c4 e6 3. Nc3 Bb4 4. Qc2 O-O 5. Nf3 c5 6. dxc5 Na6 7. g3 Nxc5 8. Bg2 b6 9. O-O Bxc3 10. Qxc3 Bb7 11. Bf4 d5 12. Rac1 dxc4 13. Qxc4 Ba6 14. Qc2 Rc8 15. Rfd1 Nd5 16. Bg5 f6 17. Bd2 Bxe2 18. Re1 Ba6 19. Qb1 e5 20. Bh3 Bd3 21. Qa1 Rc7 22. Be3 Nxe3 23. Rxe3 Bg6 24. b4 Nd3 25. Be6+ Kh8 26. Rxc7 Qxc7 27. Nh4 Qc6 28. Nxg6+ hxg6 29. Qd1 Qxe6 30. Rxd3 e4 31. Rd6 Qxa2 32. Qg4 e3 33. fxe3 g5 34. Qh5+ Kg8 35. Rd7 Qe6 36. Rxa7 Qxe3+ 37. Kg2 Qe4+ 38. Qf3 Qxb4 39. Qd5+ Kh8 40. Qc6 Rd8 41. Ra8 Qd2+ 42. Kg1 Qe3+ 43. Kg2 Rxa8 44. Qxa8+ Kh7 45. Qd5 Kh6 46. h4 gxh4 47. gxh4 Qc5 48. Qb7 b5 49. Kg3 b4 50. Qb8 Qe5+ 0-1


[Site "https://www.chess.com"]

[Event "Titled Tuesday Blitz May 30 Late 2023"]
[White "Jimenez Almeida, Luis David"]
[Black "Domingo Nunez, Ruben"]
[WhiteFideId "22242244"]
[BlackFideId "22245570"]
[WhiteElo "2245"]
[BlackElo "2404"]
[Result "0-1"]
[Round "09"]
[TimeControl "180+2"]
[Date "2023.05.31"]
[WhiteClock "0:00:01"]
[BlackClock "0:00:10"]

1. e4 g6 2. h4 d5 3. exd5 Qxd5 4. Nc3 Qe5+ 5. Be2 Bg4 6. d4 Bxe2 7. Ngxe2 Qa5 8. Bf4 Nf6 9. Qd3 Nc6 10. O-O-O Bg7 11. f3 O-O-O 12. Qc4 e6 13. Kb1 Nd5 14. Bg5 Nb6 15. Qb5 Qxb5 16. Nxb5 Rd5 17. Nbc3 Rd7 18. Ne4 Nxd4 19. Nxd4 Rxd4 20. h5 Rxd1+ 21. Rxd1 h6 22. hxg6 hxg5 23. gxf7 Nd7 24. Nxg5 Nf8 25. a4 Rh5 26. Ne4 Rf5 27. b4 Rxf7 28. Ka2 Be5 29. Kb3 Rg7 30. g4 Rf7 31. Ng5 Rg7 32. Ne4 Rf7 33. Ng5 Rf4 34. Rd3 Bf6 35. Ne4 Be7 36. c3 Ng6 37. Nd2 Ne5 38. Re3 Bd6 39. c4 b6 40. c5 bxc5 41. bxc5 Nxg4 42. fxg4 Bxc5 43. Rxe6 Rb4+ 44. Kc2 Rxg4 45. Nb3 Rxa4 46. Kd3 Bd6 47. Nd4 Kd7 48. Rh6 Rb4 49. Rh7+ Kc8 50. Nc6 Rb6 51. Rh8+ Kb7 52. Nd4 a5 53. Rh5 a4 54. Ra5 Ra6 55. Rb5+ Kc8 56. Nc2 a3 57. Rb1 Kd7 0-1


[Site "https://www.chess.com"]

[Event "Titled Tuesday Blitz May 30 Late 2023"]
[White "Arabidze, Meri"]
[Black "Goncalves, Davi Sulzbacher"]
[WhiteFideId "13604040"]
[BlackFideId "2154510"]
[WhiteElo "2405"]
[BlackElo "2182"]
[Result "0-1"]
[Round "09"]
[TimeControl "180+2"]
[Date "2023.05.31"]
[WhiteClock "0:00:04"]
[BlackClock "0:00:04"]

1. d4 Nf6 2. c4 g6 3. Nf3 Bg7 4. g3 O-O 5. Bg2 c6 6. O-O d5 7. Nbd2 Bf5 8. b3 a5 9. a3 Nbd7 10. Bb2 Qb6 11. Nh4 Be6 12. c5 Qc7 13. f4 Ng4 14. Qc1 Ne3 15. Rf2 Nxg2 16. Kxg2 f5 17. Nhf3 Nf6 18. Ne5 Ne4 19. Rf1 Rfc8 20. Qc2 b6 21. b4 Bxe5 22. fxe5 axb4 23. axb4 Qb7 24. Bc3 Ra6 25. Nb3 Rca8 26. cxb6 Qxb6 27. Na5 Qb5 28. Be1 Kg7 29. Rf3 g5 30. Qd3 Qb6 31. Rf1 h5 32. Bd2 Kg6 33. Rfc1 h4 34. Rxc6 Qxc6 35. Nxc6 Rxa1 36. Nxe7+ Kf7 37. Nc6 R8a2 38. Bxg5 Re1 39. Kh3 Nf2+ 40. Kxh4 Nxd3 41. Bf4 Nxf4 42. gxf4 Rexe2 43. h3 Rg2 44. b5 Ra8 45. b6 Rh8# 0-1


[Site "https://www.chess.com"]

[Event "Titled Tuesday Blitz May 30 Late 2023"]
[White "Zhao, Erick"]
[Black "Mujumdar, Sameer"]
[WhiteFideId "30946930"]
[BlackFideId "2029707"]
[WhiteElo "2613"]
[BlackElo "2104"]
[Result "0-1"]
[Round "09"]
[TimeControl "180+2"]
[Date "2023.05.31"]
[WhiteClock "0:00:28"]
[BlackClock "0:00:12"]

1. e4 c6 2. d4 d5 3. e5 Bf5 4. h4 h5 5. Bg5 Qa5+ 6. Nd2 e6 7. Ne2 Nd7 8. Ng3 Bg6 9. Be2 c5 10. c3 Ne7 11. Nxh5 cxd4 12. cxd4 Nc6 13. O-O Nxd4 14. Nf4 Nxe2+ 15. Qxe2 Bh7 16. Nb3 Qb6 17. h5 Be7 18. Bxe7 Kxe7 19. Qg4 Nxe5 20. Qg5+ Kd6 21. Rfe1 Bf5 22. Rxe5 Kxe5 23. Qe7 Kxf4 24. Re1 Rxh5 25. Nc1 Rah8 26. Ne2+ Kg4 27. Ng3 Qd8 28. Qb4+ Kg5 29. Qd2+ Kf6 30. Qd4+ Kg6 31. Nxh5 Rxh5 32. Re3 Qh4 33. Qxh4 Rxh4 34. b3 Rg4 35. Kh2 Rd4 36. g3 Re4 37. Rd3 Re2 38. Rf3 Be4 39. Rf4 Rxa2 40. Kh3 f6 41. f3 e5 42. Rg4+ Kf7 43. fxe4 d4 44. Rh4 d3 45. Rh8 Ke7 46. Rb8 d2 47. Rxb7+ Ke6 48. Rb8 d1=Q 49. Rd8 Qd7 50. Rxd7 Kxd7 51. Kg4 Rb2 52. Kf5 Rxb3 53. g4 Rb4 54. g5 Rxe4 55. Kxe4 fxg5 56. Kf5 a5 57. Kg4 a4 58. Kh5 a3 59. Kg6 a2 60. Kf5 a1=Q 61. Kg4 Qf1 62. Kh5 g4 63. Kg6 g3 64. Kh7 g2 65. Kg8 g1=Q 66. Kh7 g5 67. Kg8 Qf6 68. Kh7 Qh2+ 69. Kg8 Qhh8# 0-1


[Site "https://www.chess.com"]

[Event "Titled Tuesday Blitz May 30 Late 2023"]
[White "Oglaza, Oskar"]
[Black "Bjelobrk, Igor"]
[WhiteFideId "1194402"]
[BlackFideId "4300726"]
[WhiteElo "2204"]
[BlackElo "2319"]
[Result "0-1"]
[Round "09"]
[TimeControl "180+2"]
[Date "2023.05.31"]
[WhiteClock "0:00:08"]
[BlackClock "0:00:20"]

1. e4 e6 2. d4 d5 3. Nc3 Bb4 4. Qd3 Nc6 5. Nf3 Nf6 6. e5 Ne4 7. Be2 b6 8. O-O Bxc3 9. bxc3 a5 10. Ba3 Ba6 11. Qe3 Bxe2 12. Qxe2 Nxc3 13. Qd3 Ne4 14. Rfe1 Qd7 15. c4 Nb4 16. Bxb4 axb4 17. cxd5 exd5 18. e6 fxe6 19. Ne5 Qa4 20. Qf3 O-O-O 21. Rac1 Rhf8 22. Qg4 Rde8 23. Qxg7 Nc3 24. Nd3 Qxa2 25. Qxh7 Kb8 26. f3 Qd2 27. Ne5 Qxd4+ 28. Kh1 Kb7 29. Qxc7+ Kxc7 30. Red1 Qxe5 31. Rxc3+ bxc3 0-1


[Site "https://www.chess.com"]

[Event "Titled Tuesday Blitz May 30 Late 2023"]
[White "Arnold, Ken"]
[Black "Bitoon, Richard"]
[WhiteFideId "2056836"]
[BlackFideId "5201110"]
[WhiteElo "2423"]
[BlackElo "2374"]
[Result "0-1"]
[Round "09"]
[TimeControl "180+2"]
[Date "2023.05.31"]
[WhiteClock "0:00:16"]
[BlackClock "0:01:33"]

1. d4 Nf6 2. c4 g6 3. Nf3 Bg7 4. g3 O-O 5. Bg2 d6 6. O-O Nc6 7. Nc3 Bg4 8. b3 Nd7 9. Bb2 e5 10. dxe5 dxe5 11. h3 Be6 12. Ne4 h6 13. Ba3 Re8 14. Nc5 Nxc5 15. Bxc5 e4 16. Nh2 Bxa1 17. Qxa1 f5 18. Be3 Kh7 19. Rd1 Qe7 20. c5 Rad8 21. Rc1 Qg7 22. Qb1 Nd4 23. Bxd4 Qxd4 24. Nf1 Qb4 25. c6 b6 26. Qb2 Qd4 27. Qa3 a5 28. Ne3 Qb4 29. Qb2 Rd2 30. Qf6 Qd4 31. Qxd4 Rxd4 32. Bf1 Red8 33. f4 a4 34. Rc3 axb3 35. axb3 R8d6 36. Nc4 Rxc6 37. e3 Rd1 38. Kf2 b5 39. Be2 Rh1 0-1


[Site "https://www.chess.com"]

[Event "Titled Tuesday Blitz May 30 Late 2023"]
[White "Papayan, Oleg"]
[Black "Baidetskyi, Valentin"]
[WhiteFideId "4193911"]
[BlackFideId "14142317"]
[WhiteElo "2171"]
[BlackElo "2490"]
[Result "0-1"]
[Round "09"]
[TimeControl "180+2"]
[Date "2023.05.31"]
[WhiteClock "0:00:01"]
[BlackClock "0:00:05"]

1. e4 d6 2. d4 Nf6 3. Nc3 e5 4. dxe5 dxe5 5. Qxd8+ Kxd8 6. Bc4 Ke8 7. f4 Bb4 8. Bd3 exf4 9. Bxf4 c6 10. Ne2 Bg4 11. O-O Nbd7 12. h3 Bxe2 13. Nxe2 Ke7 14. Ng3 g6 15. c3 Bd6 16. e5 Bc5+ 17. Kh2 Nd5 18. Bg5+ Ke8 19. Rae1 Nc7 20. Ne4 Ne6 21. Nf6+ Nxf6 22. Bxf6 Rf8 23. Bc4 Kd7 24. Re4 Rae8 25. Rd1+ Kc7 26. Rh4 h5 27. b4 Be7 28. Re4 Bxf6 29. exf6 Ng5 30. Re7+ Rxe7 31. fxe7 Re8 32. h4 Ne6 33. Bxe6 fxe6 34. Rf1 Rxe7 35. Rf6 Rg7 36. Rxe6 Kb6 37. Kg3 Kb5 38. Kf4 Kc4 39. Re3 Rd7 40. Kg5 Rd6 41. Rf3 b6 0-1


[Site "https://www.chess.com"]

[Event "Titled Tuesday Blitz May 30 Late 2023"]
[White "Dragomirescu, Robin-Alexandru"]
[Black "Cruz, Jonathan"]
[WhiteFideId "1213849"]
[BlackFideId "3802124"]
[WhiteElo "2356"]
[BlackElo "2407"]
[Result "1-0"]
[Round "09"]
[TimeControl "180+2"]
[Date "2023.05.31"]
[WhiteClock "0:00:12"]
[BlackClock "0:00:02"]

1. c4 e5 2. Nc3 Nc6 3. Nf3 g6 4. d4 exd4 5. Nxd4 Bg7 6. Nxc6 bxc6 7. Qd2 Qf6 8. e4 Qe5 9. Bd3 Nf6 10. O-O Ng4 11. f4 Qc5+ 12. Kh1 Ba6 13. Qe2 h5 14. e5 O-O-O 15. Bd2 d5 16. cxd5 Bxd3 17. Qxd3 cxd5 18. Na4 Qc4 19. Qa3 Bf8 20. b4 Qa6 21. Rac1 Kb8 22. Qb3 Be7 23. b5 Qb7 24. Rc6 Rd7 25. Rfc1 Rhd8 26. Nb2 Nf2+ 27. Kg1 Ne4 28. Ba5 Rc8 29. Nd3 d4 30. a4 Nc3 31. Bxc3 dxc3 32. R1xc3 Rcd8 33. a5 Rd5 34. Nc5 Bxc5+ 35. R3xc5 Rd1+ 36. Kf2 R8d2+ 37. Ke3 Rd3+ 38. Qxd3 Rxd3+ 39. Kxd3 Qc8 40. Rxc7 Qf5+ 41. Ke3 1-0


[Site "https://www.chess.com"]

[Event "Titled Tuesday Blitz May 30 Late 2023"]
[White "Filgueira, Hernan"]
[Black "Annaberdiyev, Meylis"]
[WhiteFideId "101770"]
[BlackFideId "14000563"]
[WhiteElo "2363"]
[BlackElo "2416"]
[Result "1-0"]
[Round "09"]
[TimeControl "180+2"]
[Date "2023.05.31"]
[WhiteClock "0:01:06"]
[BlackClock "0:00:07"]

1. c4 e5 2. Nc3 Nc6 3. Nf3 Nf6 4. a3 d5 5. cxd5 Nxd5 6. Qc2 Nxc3 7. bxc3 Bd6 8. e3 O-O 9. d4 Qe7 10. Be2 Kh8 11. h4 f5 12. h5 e4 13. Nh4 Rf6 14. g3 Be6 15. c4 b6 16. d5 Ne5 17. dxe6 Qxe6 18. Bb2 Re8 19. Kf1 Rh6 20. Kg2 Rf8 21. Rad1 Ng4 22. Rd5 c6 23. Rdd1 Rxh5 24. Qd2 Be5 25. Bxe5 Qxe5 26. Qd6 Rh6 27. Qxf8# 1-0


[Site "https://www.chess.com"]

[Event "Titled Tuesday Blitz May 30 Late 2023"]
[White "Hossain, Enamul"]
[Black "Toncheva, Nadya"]
[WhiteFideId "10200649"]
[BlackFideId "2924056"]
[WhiteElo "2433"]
[BlackElo "2101"]
[Result "1-0"]
[Round "09"]
[TimeControl "180+2"]
[Date "2023.05.31"]
[WhiteClock "0:00:11"]
[BlackClock "0:00:01"]

1. e4 c5 2. Nf3 Nc6 3. d4 cxd4 4. Nxd4 g6 5. Nc3 Bg7 6. Be3 Nf6 7. Nb3 O-O 8. Be2 d6 9. Qd2 a6 10. Bh6 Be6 11. O-O-O b5 12. Bxg7 Kxg7 13. Qe3 Ne5 14. f4 Nc4 15. Bxc4 bxc4 16. Nd4 Qc8 17. f5 Bd7 18. h3 Rb8 19. e5 dxe5 20. Qxe5 Qb7 21. g4 Kg8 22. b3 cxb3 23. axb3 Rbc8 24. Qxe7 Nd5 25. Nxd5 Qxd5 26. fxg6 hxg6 27. Qf6 Qe4 28. Rhe1 Qg2 29. Re2 Qxh3 30. Rd3 Qxg4 31. Kb2 Rfe8 32. Rh2 Rxc2+ 33. Nxc2 1-0


[Site "https://www.chess.com"]

[Event "Titled Tuesday Blitz May 30 Late 2023"]
[White "Bernabeu Lopez, Carlos Javier"]
[Black "Balla, Tamas-Kristof"]
[WhiteFideId "2235366"]
[BlackFideId "1208497"]
[WhiteElo "2344"]
[BlackElo "2334"]
[Result "1-0"]
[Round "09"]
[TimeControl "180+2"]
[Date "2023.05.31"]
[WhiteClock "0:01:37"]
[BlackClock "0:00:20"]

1. e4 c5 2. Nf3 Nc6 3. Bb5 Nf6 4. e5 Nd5 5. Nc3 Nc7 6. O-O g6 7. Re1 Bg7 8. d3 O-O 9. h3 Ne6 10. Bxc6 dxc6 11. Ne4 b6 12. Neg5 Nxg5 13. Nxg5 Bf5 14. b3 Qd4 15. Bd2 Bxe5 16. Rb1 Bg7 17. Nf3 Qd7 18. Qe2 Rfe8 19. a4 a5 20. Rbd1 e5 21. Bc3 f6 22. Nd2 Rad8 23. Nc4 Be6 24. Nxb6 Qf7 25. Nc4 Bd5 26. Bxa5 Rb8 27. Nd6 Qe6 28. Nxe8 Rxe8 29. Bc3 Qf5 30. Qg4 Qxg4 31. hxg4 1-0


[Site "https://www.chess.com"]

[Event "Titled Tuesday Blitz May 30 Late 2023"]
[White "Isajevsky, Anton"]
[Black "Estrada Nieto, Julian"]
[WhiteFideId "4142500"]
[BlackFideId "5101018"]
[WhiteElo "2510"]
[BlackElo "2161"]
[Result "0-1"]
[Round "09"]
[TimeControl "180+2"]
[Date "2023.05.31"]
[WhiteClock "0:00:01"]
[BlackClock "0:00:05"]

1. c4 e5 2. g3 Nf6 3. Bg2 d5 4. cxd5 Nxd5 5. Nf3 Nc6 6. O-O Be7 7. d4 e4 8. Ne5 Nf6 9. Nxc6 bxc6 10. Nc3 Bf5 11. Bg5 O-O 12. e3 Rb8 13. Qc2 Nd5 14. Bxe7 Qxe7 15. Bxe4 Bxe4 16. Nxe4 Nb4 17. Qb1 f5 18. Nc3 Nd5 19. Qc2 Qe6 20. Nxd5 cxd5 21. Rac1 f4 22. exf4 Rxf4 23. Qxc7 Rbf8 24. Qe5 Qg4 25. Qxd5+ Kh8 26. Rc2 h6 27. Qg2 Rf3 28. h3 Qxd4 29. Kh2 a5 30. Kg1 a4 31. b3 a3 32. Kh2 Qd3 33. Rcc1 Qe2 34. Kg1 Qxa2 35. g4 Qxb3 36. g5 hxg5 37. Qxg5 Rxh3 0-1


[Site "https://www.chess.com"]

[Event "Titled Tuesday Blitz May 30 Late 2023"]
[White "Kleiman, Jake"]
[Black "Kaplan, Avi Harrison"]
[WhiteFideId "2020041"]
[BlackFideId "30934559"]
[WhiteElo "2593"]
[BlackElo "1983"]
[Result "1-0"]
[Round "09"]
[TimeControl "180+2"]
[Date "2023.05.31"]
[WhiteClock "0:00:11"]
[BlackClock "0:00:04"]

1. e4 d6 2. d4 Nf6 3. Nc3 g6 4. Nf3 Bg7 5. h3 O-O 6. Be2 c5 7. Be3 cxd4 8. Nxd4 Nc6 9. O-O Bd7 10. Re1 a6 11. a4 Qc7 12. Nb3 Ne5 13. Bd4 Rac8 14. a5 h6 15. Rc1 Bc6 16. f4 Ned7 17. Bf3 e5 18. Be3 Rfe8 19. Qd2 Nc5 20. Nxc5 dxc5 21. fxe5 Qxe5 22. Rcd1 Rcd8 23. Qxd8 Rxd8 24. Rxd8+ Kh7 25. Bf2 Qc7 26. Rdd1 Qxa5 27. Bg3 b5 28. Rd6 b4 29. Rxc6 bxc3 30. bxc3 Qxc3 31. Re2 a5 32. Rc7 a4 33. Rxf7 a3 34. e5 Ne8 35. Ra7 c4 36. Kh2 h5 37. e6 Kh6 38. Bf4+ g5 39. Bc1 Be5+ 40. Kh1 Qa1 41. Re1 a2 42. Bxg5+ Kxg5 43. Rxa1 Bxa1 44. Rxa2 Be5 45. Ra4 c3 46. Re4 Kf6 47. Bxh5 Nd6 48. Re3 Kxe6 49. Be2 Kd5 50. Bd3 Nb7 51. Rf3 Nc5 52. g4 Kd4 53. Kg2 Ne6 54. h4 Nf4+ 55. Kf1 Nd5 56. g5 Bg7 57. h5 Ke5 58. h6 Bh8 59. Kf2 Ne7 60. Kg3 Ke6 61. Kg4 Be5 62. Kh5 Bc7 63. g6 Nxg6 64. Kxg6 Kd6 65. h7 Kc6 66. h8=Q Kb6 67. Qxc3 Kb7 68. Rf6 Kb8 69. Qc6 Bd8 70. Ba6 Bxf6 71. Qb7# 1-0


[Site "https://www.chess.com"]

[Event "Titled Tuesday Blitz May 30 Late 2023"]
[White "Pinheiro, Iung Alicio de O."]
[Black "Arencibia Monduy, Antonio"]
[WhiteFideId "2104350"]
[BlackFideId "3507939"]
[WhiteElo "2283"]
[BlackElo "2464"]
[Result "1/2-1/2"]
[Round "09"]
[TimeControl "180+2"]
[Date "2023.05.31"]
[WhiteClock "0:00:04"]
[BlackClock "0:00:02"]

1. d4 Nf6 2. c4 e6 3. Nf3 b6 4. a3 Be7 5. Nc3 Bb7 6. d5 exd5 7. cxd5 O-O 8. e4 Re8 9. Bd3 c6 10. O-O cxd5 11. exd5 h6 12. Bc2 Na6 13. b4 d6 14. Ba4 Rf8 15. Bc6 Rb8 16. Bf4 Nc7 17. b5 Bc8 18. h3 Bf5 19. Nd4 Bh7 20. a4 Ne4 21. Nce2 Bf6 22. Ra3 a5 23. bxa6 Nxa6 24. Bb5 Ra8 25. Nc6 Qc8 26. Re3 Nac5 27. Nc3 Nxc3 28. Rxc3 Qf5 29. Bxd6 Ne4 30. Rf3 Nxd6 31. Rxf5 Bxf5 32. Re1 Rfe8 33. Kf1 Bc3 34. Re3 Rxe3 35. fxe3 Bf6 36. Qf3 Be4 37. Qf4 Nxb5 38. axb5 Bxd5 39. Qd6 Ra1+ 40. Kf2 Ra2+ 41. Ke1 Bxg2 42. Qb8+ Kh7 43. Qxb6 Bc3+ 44. Kd1 Bf3+ 45. Kc1 Be4 46. Kd1 Rd2+ 47. Kc1 Bd3 48. Qc5 Rc2+ 49. Kd1 Rd2+ 50. Kc1 Rc2+ 51. Kd1 Rd2+ 52. Ke1 Rc2+ 53. Kd1 1/2-1/2


[Site "https://www.chess.com"]

[Event "Titled Tuesday Blitz May 30 Late 2023"]
[White "Shuvalov, Evgenij"]
[Black "Devagharan, Devina"]
[WhiteFideId "4187237"]
[BlackFideId "2061600"]
[WhiteElo "2080"]
[BlackElo "2444"]
[Result "1-0"]
[Round "09"]
[TimeControl "180+2"]
[Date "2023.05.31"]
[WhiteClock "0:00:04"]
[BlackClock "0:00:02"]

1. d4 d5 2. c4 e6 3. Nc3 Be7 4. e4 dxe4 5. Nxe4 Nf6 6. Nc3 O-O 7. Nf3 b6 8. Be2 Bb7 9. O-O Nbd7 10. Qc2 c5 11. Rd1 cxd4 12. Nxd4 a6 13. Be3 Qc7 14. Rac1 Rfd8 15. a3 Nc5 16. b4 Nce4 17. Na4 Rac8 18. Qb3 Nd7 19. h3 Qb8 20. Nf3 b5 21. cxb5 Bd5 22. Rxd5 exd5 23. Rxc8 Rxc8 24. bxa6 Ndf6 25. b5 Nc5 26. Nxc5 Bxc5 27. b6 d4 28. Bxd4 Bxd4 29. Nxd4 Ne4 30. g3 Nc5 31. Qb4 Nd7 32. b7 Re8 33. Bf3 Ne5 34. Bd5 Nd3 35. Qb5 Ne5 36. Kg2 Rd8 37. Be4 Rxd4 38. a7 Qd8 39. b8=Q Rd7 40. Qxd7 Qf8 41. Qxf8+ Kxf8 42. Qd8# 1-0


[Site "https://www.chess.com"]

[Event "Titled Tuesday Blitz May 30 Late 2023"]
[White "Lalanne, Pablo"]
[Black "Mortazavi, Ali"]
[WhiteFideId "112151"]
[BlackFideId "401323"]
[WhiteElo "2120"]
[BlackElo "2339"]
[Result "0-1"]
[Round "09"]
[TimeControl "180+2"]
[Date "2023.05.31"]
[WhiteClock "0:00:37"]
[BlackClock "0:00:41"]

1. e4 c5 2. Nf3 e6 3. d4 cxd4 4. Nxd4 a6 5. Bd3 Qc7 6. O-O Nf6 7. Nc3 Bc5 8. Be3 h5 9. h3 b5 10. a3 Bb7 11. Qe2 d6 12. Rad1 Nbd7 13. Nb3 Bxe3 14. Qxe3 O-O 15. f4 e5 16. Kh1 Rac8 17. Rf3 Qb6 18. Qe1 b4 19. axb4 Qxb4 20. Qh4 exf4 21. Rxf4 Rxc3 22. bxc3 Qxc3 23. Rdf1 Re8 24. Nc1 Re5 25. Ne2 Qd2 26. Ng3 g5 0-1


[Site "https://www.chess.com"]

[Event "Titled Tuesday Blitz May 30 Late 2023"]
[White "Bruedigam, Martin"]
[Black "Botez, Alexandra"]
[WhiteFideId "24608033"]
[BlackFideId "2603365"]
[WhiteElo "2331"]
[BlackElo "2040"]
[Result "1-0"]
[Round "09"]
[TimeControl "180+2"]
[Date "2023.05.31"]
[WhiteClock "0:00:14"]
[BlackClock "0:00:05"]

1. d4 c5 2. d5 d6 3. e4 g6 4. Nc3 Bg7 5. Nf3 Nf6 6. Nd2 O-O 7. Be2 e6 8. dxe6 Bxe6 9. O-O a6 10. a4 Nc6 11. Nc4 Bxc4 12. Bxc4 Ne5 13. Bd5 Nxd5 14. Qxd5 Qd7 15. Bf4 Rad8 16. Rad1 b5 17. axb5 axb5 18. Ne2 Qe6 19. b3 Rd7 20. h3 Rfd8 21. Bg3 Qxd5 22. Rxd5 Nc6 23. Rfd1 Be5 24. Bxe5 Nxe5 25. Nc3 b4 26. Nb5 Nc6 27. R1d2 Kf8 28. Nxd6 Nd4 29. e5 Ke7 30. Rxc5 Ne6 31. Rb5 Ra8 32. Rxb4 Ra1+ 33. Kh2 Rc1 34. Rc4 h5 35. Rc8 Ng7 36. b4 Ke6 37. f4 g5 38. Rg8 gxf4 39. Rxg7 Rb1 40. Re2 Rxb4 41. Rh7 Rb5 42. Rh6+ Kd5 43. Rxh5 Kd4 44. Nf5+ Kc3 45. Rh4 Kc4 46. Rxf4+ Kc5 47. Ng3 Rb8 48. h4 Rf8 49. h5 Rh8 50. Rf5 Kc6 51. Kh3 Kc7 52. Kh4 Kd8 53. Re4 Ke7 54. Rg4 Rdd8 55. Rgf4 Rh7 56. Rf6 Rf8 57. Nf5+ Kd7 58. Rd4+ Kc7 59. Rc4+ Kd7 60. Rd6+ Ke8 61. Rc8# 1-0


[Site "https://www.chess.com"]

[Event "Titled Tuesday Blitz May 30 Late 2023"]
[White "Jovic, Stanoje"]
[Black "Papasimakopoulos, Alexandros"]
[WhiteFideId "905020"]
[BlackFideId "4244125"]
[WhiteElo "2236"]
[BlackElo "2359"]
[Result "1-0"]
[Round "09"]
[TimeControl "180+2"]
[Date "2023.05.31"]
[WhiteClock "0:00:06"]
[BlackClock "0:00:02"]

1. c4 e6 2. g3 d6 3. Bg2 Nd7 4. Nf3 Ne7 5. O-O b6 6. b3 Bb7 7. Bb2 a6 8. Nc3 g6 9. Nb1 f6 10. Bh3 Kf7 11. d4 Bg7 12. Nbd2 Re8 13. e4 e5 14. d5 Kg8 15. Be6+ Kh8 16. Nh4 Nc5 17. f4 c6 18. b4 Nxe6 19. dxe6 d5 20. f5 dxe4 21. Nxe4 Nxf5 22. Nxf5 gxf5 23. Nd6 Re7 24. Nf7+ Rxf7 25. exf7 Qe7 26. Rxf5 Qxb4 27. Qc2 Qc5+ 28. Kf1 Rf8 29. Rd1 Qe7 30. Rh5 h6 31. Qg6 Qxf7 32. Qxf7 Rxf7 33. Rd8+ Kh7 34. Rf5 c5 35. Bxe5 b5 36. g4 bxc4 37. h4 Be4 38. Rf4 Bd3+ 39. Kf2 Bb1 40. a3 Bd3 41. h5 c3 42. Bxc3 c4 43. Rd6 f5 44. Bxg7 Kxg7 45. Rg6+ Kh7 46. gxf5 c3 47. Rc6 c2 48. f6 Kg8 49. Rg4+ Kh7 50. Ke3 Bf5 51. Rg7+ Rxg7 52. fxg7 Kxg7 53. Kd2 Bg4 54. Rxa6 Bxh5 55. Kxc2 Bf3 56. Rb6 h5 57. Kd2 Kf7 58. Ke3 Bg2 59. Kf4 h4 60. Rh6 Ke7 61. Rxh4 Kd7 62. Rh2 Bf1 63. Rc2 Bh3 64. Ke5 Bf1 65. Rc3 Be2 66. a4 Bf1 67. a5 Be2 68. Rc5 Bf1 69. Kd4 Kd6 70. Rc1 Be2 71. Re1 Bb5 72. Rg1 Kc7 73. Rg6 Be2 74. Rb6 Kc8 75. Rb2 Kc7 76. Kc5 Bd3 77. Rb6 Be2 78. a6 Bf3 79. a7 Ba8 80. Rb8 Bb7 81. a8=Q Bxa8 82. Rxa8 1-0


[Site "https://www.chess.com"]

[Event "Titled Tuesday Blitz May 30 Late 2023"]
[White "Kielinkei"]
[Black "Simonian, Hrair"]
[BlackFideId "13302337"]
[WhiteElo "2484"]
[BlackElo "2447"]
[Result "0-1"]
[Round "09"]
[TimeControl "180+2"]
[Date "2023.05.31"]
[WhiteClock "0:00:02"]
[BlackClock "0:00:42"]

1. d4 Nf6 2. Bg5 g6 3. Nd2 d5 4. e3 Bg7 5. f4 O-O 6. Ngf3 c5 7. c3 Nc6 8. Bd3 c4 9. Bc2 Bf5 10. Bxf5 gxf5 11. O-O Ne4 12. Bh4 Qd6 13. Nxe4 fxe4 14. Ne5 f6 15. Nxc6 bxc6 16. f5 Kh8 17. Qh5 c5 18. Bg3 Qb6 19. Rf2 cxd4 20. cxd4 Rg8 21. Bf4 Rac8 22. g4 c3 23. bxc3 Rxc3 24. Rg2 Qc6 25. h4 Rc2 26. Rf1 Rxg2+ 27. Kxg2 Qc2+ 28. Rf2 Qd1 29. Kh2 Rc8 30. Rg2 Kg8 31. Bh6 Qf3 32. Bxg7 Kxg7 33. a4 Qxe3 34. g5 Qf4+ 35. Kh3 Rc3+ 0-1


[Site "https://www.chess.com"]

[Event "Titled Tuesday Blitz May 30 Late 2023"]
[White "Omariev, Maksim"]
[Black "Tanenbaum, Zachary"]
[WhiteFideId "4193423"]
[BlackFideId "2060850"]
[WhiteElo "2483"]
[BlackElo "2175"]
[Result "0-1"]
[Round "09"]
[TimeControl "180+2"]
[Date "2023.05.31"]
[WhiteClock "0:00:01"]
[BlackClock "0:00:13"]

1. g4 d5 2. Bg2 c6 3. h3 e5 4. d4 e4 5. c4 Be6 6. Nc3 Bb4 7. Qb3 Bxc3+ 8. Qxc3 dxc4 9. Bxe4 Nf6 10. Bg2 Bd5 11. Nf3 Ne4 12. Qa3 a5 13. O-O b5 14. Ne5 f6 15. Nf3 b4 16. Qe3 O-O 17. Nd2 Ng5 18. f3 Re8 19. Qf2 Nd7 20. e4 Bf7 21. f4 Ne6 22. f5 Nc7 23. Re1 Nb5 24. Nf1 c5 25. dxc5 Ne5 26. Be3 Nd3 27. Qg3 Nxe1 28. Rxe1 Nd4 29. e5 Nc2 30. Bxa8 Nxe1 31. Bc6 Rxe5 32. Qxe1 Qd3 33. Bg2 c3 34. bxc3 bxc3 35. c6 c2 36. Qc1 Qd1 37. Bf4 Rc5 38. c7 h5 39. gxh5 Qd4+ 40. Be3 Qd1 41. Kf2 Rxf5+ 42. Kg1 Qd7 0-1


[Site "https://www.chess.com"]